 Dungeon Crawl Stone Soup version 0.23.2-11-gf996548c65 (webtiles) character file.

Game seed: 6490548996393666916

39 harcile the Firebug (level 3, -1/26 HPs)
             Began as a Hill Orc Fire Elementalist on June 6, 2019.
             Slain by a scorpion (6 damage)
             ... on level 2 of the Dungeon.
             The game lasted 00:04:24 (1268 turns).

harcile the Firebug (Hill Orc Fire Elementalist)    Turns: 1268, Time: 00:04:24

Health: -1/26      AC:  7    Str: 10    XL:     3   Next: 45%
Magic:  0/5        EV: 12    Int: 16    God:
Gold:   54         SH:  0    Dex: 11    Spells: 4/5 levels left

rFire    . . .     SeeInvis .   l - +0 short sword
rCold    . . .     Gourm    .   (no shield)
rNeg     . . .     Faith    .   a - +0 robe
rPois    .         Spirit   .   (no helmet)
rElec    .         Reflect  .   (no cloak)
rCorr    .         Harm     .   (no gloves)
MR       .....                  (no boots)
Stlth    ++........             (no amulet)
HPRegen  0.08/turn              g - +5 ring of protection
MPRegen  0.09/turn              (no ring)

@: lethally poisoned (-1 -> -5), about to teleport
A: no striking features
a: no special abilities


You were on level 2 of the Dungeon.
You were not hungry.

You visited 1 branch of the dungeon, and saw 2 of its levels.

You collected 54 gold pieces.

Inventory:

Hand Weapons
 l - a +0 short sword (weapon)
Armour
 a - a +0 robe (worn)
 k - a +0 scale mail
Jewellery
 g - a +5 ring of protection (left hand)
Wands
 j - a wand of polymorph (6)
Scrolls
 f - a scroll of amnesia
 h - a scroll of fog {unknown}
Comestibles
 c - 4 rations


   Skills:
 + Level 1.6 Dodging
 + Level 1.7 Stealth
 + Level 1.8 Spellcasting
 + Level 1.3 Conjurations
 + Level 4.3 Fire Magic


You had 4 spell levels left.
You knew the following spells:

 Your Spells              Type           Power        Failure   Level  Hunger
z - Flame Tongue          Conj/Fire      ##...        7%          1    ##.....

Your spell library contained the following spells:

 Spells                   Type           Power        Failure   Level  Hunger
 Throw Flame              Conj/Fire      ##....       10%         2    ###....
 Conjure Flame            Conj/Fire      ##......     21%         3    ####...
 Inner Flame              Hex/Fire       #.......     26%         3    ####...
 Sticky Flame             Conj/Fire      ##......     54%         4    #####..
 Fireball                 Conj/Fire      ##........   88%         5    ######.


Dungeon Overview and Level Annotations

Branches:
Dungeon (2/15)

Altars:
Fedhas
Kikubaaqudgha


Message History

Casting: Flame Tongue (safe; 7% risk of failure)
Confirm with . or Enter, or press ? or * to list all spells.
Aiming: Flame Tongue (safe; 7% risk of failure)
Press: ? - help, Shift-Dir - straight line, f/p - scorpion
Aim: a scorpion (heavily wounded)
The flame tongue hits the scorpion but does no damage.
The scorpion is heavily wounded.
The scorpion closely misses you.
As you read the scroll labeled UVIOSY QAER, it crumbles to dust.
You feel blessed for a moment.
It was a scroll of remove curse.
The scorpion stings you but does no damage.
As you read the scroll labeled SOENNETSIO, it crumbles to dust.
You feel strangely unstable.
It was a scroll of teleportation.
* * * LOW HITPOINT WARNING * * *
You feel sick. The scorpion barely misses you.
As you read the scroll labeled NOINTE MOTISTRI, it crumbles to dust.
It is a scroll of identify.
f - a scroll of amnesia The scorpion stings you.
You die...

#.# #...# ### #.# #.#.#### #####
..# #.# #.#....# #....
#.####.###########.####.# #..).
#.#.....................# #....
#.#.##..##########.###..### #....
#.#.##.....#######.#.#.(..# #....
..#.###.#......s.#...#s##.####.#+
..#.#...#..#####@###.#.#...).>.#
.##.#.#.#............#.#..####.#.
....#.....######.#.....#...#.....
.####.......# #.#.#########.#.#.
.#####......# #.#........ #.#.#.
.#..........# #.######### # #..
..<.........# #...l..# ###
.#.###......# ######s#
.#.###......# #........#


You could see a scorpion.

Vanquished Creatures
  An adder (D:2)
  2 worms (D:2)
  4 dart slugs (D:1)
  A leopard gecko (D:1)
  A hobgoblin (D:2)
  3 kobolds
  2 frilled lizards
  3 goblins (D:1)
  A rat (D:1)
18 creatures vanquished.

Notes
Turn   | Place    | Note
-------+----------+-------------------------------------------
     0 | D:1      | harcile the Hill Orc Fire Elementalist began the quest for
                  | the Orb.
     0 | D:1      | Reached XP level 1. HP: 14/14 MP: 3/3
   288 | D:1      | Reached XP level 2. HP: 20/20 MP: 1/4
   382 | D:1      | Reached skill level 4 in Fire Magic
   801 | D:2      | Found an ancient bone altar of Kikubaaqudgha.
   801 | D:2      | Found a blossoming altar of Fedhas.
   805 | D:2      | Reached XP level 3. HP: 26/26 MP: 2/5
  1177 | D:2      | Noticed a scorpion
  1268 | D:2      | Slain by a scorpion

Skill      XL: |  1  2 |
---------------+-------+-----
Fire Magic     | 4 |  4.3
Dodging        | |  1.6
Stealth        | |  1.7
Spellcasting   | |  1.8
Conjurations   | |  1.3

Action                   || total
-------------------------++-------
Melee: Short sword       ||     5
       Unarmed           ||     1
 Cast: Flame Tongue      ||    51
  Use: Scroll            ||     3
  Eat: Chunk             ||     2
Armor: Robe              ||     6
Dodge: Dodged            ||    19
